Map: Curious Minds LE

Players

Pumba - Winner!

  • Race: Protoss Protoss
  • League: Platinum
  • Spawn Location: 11:00

XIII

  • Race: Terran Terran
  • League: Platinum
  • Spawn Location: 5:00

VOD

Have the link to the VOD?

Description

Time

  • Played on: Feb. 8, 2022, 10:22 p.m.
  • Length: 7:49
Show
View Real Time Build Order
Export as new Build Order

Pumba Protoss - Winner!

Build Orders: 1 Gate Expand 

Get SALT Encoding   

  12  0:00  Probe  
  13  0:12  Probe  
  14  0:19  Pylon  
  14  0:24  Probe  
  15  0:37  Probe (Chrono Boost)  
  15  0:42  Gateway  
  16  0:49  Probe (Chrono Boost), Assimilator  
  17  0:55  Probe (Chrono Boost)  
  18  1:03  Probe  
  19  1:15  Probe  
  20  1:24  Nexus  
  20  1:33  Cybernetics Core  
  20  1:37  Probe  
  21  1:47  Assimilator  
  21  1:51  Probe  
  22  1:54  Pylon  
  22  2:03  Probe  
  23  2:16  Probe  
  23  2:19  Adept  
  24  2:29  Probe (Chrono Boost)  
  27  2:32  Stargate  
  27  2:36  Probe (Chrono Boost)  
  28  2:39  Warp Gate (Chrono Boost)  
  29  2:45  Probe x2 (Chrono Boost)  
  29  2:48  Robotics Facility  
  29  2:50  Probe (Chrono Boost)  
  32  2:52  Probe, Stalker  
  34  3:02  Probe  
  34  3:03  Pylon  
  34  3:05  Probe (Chrono Boost)  
  36  3:08  Assimilator  
  36  3:10  Assimilator  
  36  3:14  Probe (Chrono Boost)  
  38  3:22  Probe (Chrono Boost)  
  38  3:24  Probe (Chrono Boost)  
  39  3:29  Probe x2 (Chrono Boost)  
  41  3:37  Gateway  
  41  3:38  Observer  
  41  3:39  Gateway  
  41  3:40  Robotics Bay  
  42  3:43  Robotics Facility  
  42  3:45  Probe (Chrono Boost)  
  44  3:51  Probe (Chrono Boost)  
  44  3:57  Probe (Chrono Boost)  
  44  3:59  Probe (Chrono Boost)  
  46  4:04  Pylon  
  46  4:09  Probe  
  47  4:10  Probe  
  48  4:21  Probe  
  48  4:22  Probe  
  48  4:23  Pylon  
  50  4:25  Disruptor (Chrono Boost)  
  56  4:34  Probe x2  
  56  4:37  Disruptor (Chrono Boost)  
  58  4:45  Stalker, Pylon  
  58  4:46  Probe, Stalker  
  63  4:56  Disruptor (Chrono Boost)  
  66  5:00  Probe  
  66  5:02  Pylon  
  66  5:03  Stalker  
  66  5:04  Pylon  
  66  5:05  Pylon  
  72  5:13  Disruptor (Chrono Boost)  
  72  5:14  Pylon  
  72  5:16  Pylon  
  72  5:23  Observer, Gateway  
  72  5:25  Gateway  
  72  5:27  Gateway  
  72  5:30  Disruptor  
  75  5:43  Disruptor  
  78  5:56  Zealot, Stalker x2  
  84  6:06  Disruptor  
  85  6:17  Stalker x2  
  89  6:19  Disruptor, Probe  
  89  6:22  Pylon  
  89  6:24  Pylon  
  89  6:36  Stalker  
  89  6:37  Zealot x3  
  95  6:41  Disruptor  
  98  6:55  Disruptor  
  97  7:11  Zealot x3, Stalker x3  
Show
View Real Time Build Order
Export as new Build Order

XIII Terran 

Build Orders:  

Get SALT Encoding   

  12  0:01  SCV  
  13  0:13  SCV  
  14  0:17  Supply Depot  
  14  0:25  SCV  
  15  0:39  SCV  
  15  0:40  Barracks  
  16  0:46  Refinery  
  16  0:51  SCV  
  17  1:03  SCV  
  18  1:15  SCV  
  19  1:34  Orbital Command  
  19  1:35  Barracks Reactor  
  19  1:47  Command Center  
  20  2:01  SCV  
  20  2:10  Supply Depot  
  20  2:12  Marine  
  20  2:13  SCV, Marine  
  23  2:31  Barracks  
  23  2:32  SCV  
  23  2:34  Barracks  
  24  2:37  Marine  
  24  2:40  Marine  
  24  2:44  SCV  
  27  2:56  SCV  
  28  2:59  Marine x2  
  28  3:01  Orbital Command  
  30  3:06  Supply Depot  
  30  3:08  SCV  
  31  3:14  Refinery  
  30  3:21  Marine x2  
  32  3:32  SCV x2  
  34  3:41  Barracks Tech Lab x2  
  34  3:44  Supply Depot, SCV  
  34  3:45  SCV  
  34  3:47  Marine x2  
  38  3:55  Engineering Bay  
  38  3:56  SCV  
  38  3:57  SCV  
  38  4:01  Supply Depot  
  40  4:03  Marine x2  
  40  4:09  SCV x2  
  44  4:10  Stimpack  
  44  4:15  Combat Shield  
  44  4:21  SCV x2  
  46  4:24  Supply Depot  
  46  4:26  Marine x2  
  48  4:32  Factory  
  48  4:35  SCV x2  
  50  4:38  Marine x2  
  50  4:45  Missile Turret  
  52  4:50  Missile Turret  
  52  4:51  Supply Depot  
  52  4:52  SCV x2  
  54  4:54  Marine  
  54  4:55  Marine  
  56  5:05  SCV  
  56  5:06  SCV  
  58  5:10  Marine x2  
  58  5:13  Supply Depot  
  60  5:17  Starport  
  60  5:18  SCV x2  
  60  5:19  Factory Reactor  
  62  5:26  Refinery  
  62  5:30  SCV x2, Refinery  
  62  5:35  Marine x4  
  66  5:45  SCV x2  
  68  5:57  SCV x2  
  68  6:00  Supply Depot  
  68  6:01  Supply Depot  
  68  6:02  Supply Depot  
  67  6:06  Supply Depot  
  62  6:19  Marauder x2, Marine x2  
  68  6:29  Factory Tech Lab  
  64  6:38  Marine x2  
  55  6:41  Marauder x2  
  56  6:51  Siege Tank  
  56  6:52  Medivac x2  
  56  6:53  SCV x2  
  65  6:56  Marine  
  48  7:08  Marauder x2, Marine  
  42  7:13  Marine  
  36  7:26  Marine  
  36  7:29  Marine  
  39  7:32  Supply Depot  
  39  7:33  Supply Depot  
  39  7:34  Supply Depot  
Tags
 
Add a new tag
Caveats
  • Supply blocks, unpowered buildings, or Contaminate may cause inaccurate times.
  • Supply counts are checked every 10 seconds.